 Dungeon Crawl Stone Soup version 0.26-a0-712-ga5a9c9c9d0 (webtiles) character file.

Game seed: 8603852421733802896

10442 ringo67 the Covert (level 11, 0/69 HPs)
             Began as a Kobold Hunter on Oct 31, 2020.
             Was a Believer of Uskayaw.
             Slain by a spriggan rider
             ... wielding a +0 spear
              (16 damage)
             ... on level 1 of the Lair of Beasts.
             The game lasted 00:33:31 (15948 turns).

ringo67 the Covert (Kobold Hunter)                 Turns: 15948, Time: 00:33:32

Health: 0/69       AC: 13    Str: 10    XL:     11   Next: 93%
Magic:  18/19      EV: 23    Int: 18    God:    Uskayaw [**....]
Gold:   719        SH: 11    Dex: 29    Spells: 10/10 levels left

rFire    x . .     SeeInvis .   b - +7 scimitar "Dizoesk" {vorpal, rC+ Int+3 Dex+2}
rCold    + . .     Faith    +   R - +3 buckler of Qaugecif {+Blink}
rNeg     . . .     Spirit   .   X - +2 ring mail of Sloth {rF- Dex+6}
rPois    .         Reflect  .   (no helmet)
rElec    .         Harm     .   U - +0 cloak (curse)
rCorr    +         Rampage  .   m - +0 pair of gloves
MR       .....                  (no boots)
Stlth    ++++++....             B - amulet of faith
HPRegen  0.21/turn              C - +4 ring of protection
MPRegen  0.16/turn              k - ring "Ruofipp" {rCorr Int+3 Dex+2}

@: studying Invocations
A: small, nightstalker 3
a: Stomp, Line Pass, Renounce Religion, Evoke Blink


You were on level 1 of the Lair of Beasts.
You worshipped Uskayaw.
Uskayaw was aware of your devotion.
You visited 3 branches of the dungeon, and saw 12 of its levels.
You also visited: Ossuary.

You collected 719 gold pieces.

Inventory:

Hand Weapons
 a - a +1 dagger of venom
 b - the +7 scimitar "Dizoesk" (weapon) {vorpal, rC+ Int+3 Dex+2}
   (You found it on level 6 of the Dungeon)

   It inflicts extra damage upon your enemies.
   It affects your intelligence (+3).
   It affects your dexterity (+2).
   It protects you from cold.
 t - a +0 war axe of venom
 u - a +1 hand crossbow
 w - a +0 short sword
 F - a +1 dagger of draining
 M - a +0 falchion of holy wrath
Missiles
 d - 141 bolts
 s - 2 curare-tipped darts
 v - 30 poisoned darts (quivered)
Armour
 c - a +0 leather armour
 m - a +0 pair of gloves (worn)
 n - a +0 robe
 R - the +3 buckler of Qaugecif (worn) {+Blink}
   (You took it off a gnoll sergeant on level 8 of the Dungeon)

   It lets you blink.
 U - a cursed +0 cloak (worn)
 X - the +2 ring mail of Sloth (worn) {rF- Dex+6}
   (You found it on level 1 of the Lair of Beasts)

   It affects your dexterity (+6).
   It makes you vulnerable to fire.
Jewellery
 k - the ring "Ruofipp" (right hand) {rCorr Int+3 Dex+2}
   (You took it off a gnoll on level 8 of the Dungeon)

   [ring of resist corrosion]

   It affects your intelligence (+3).
   It affects your dexterity (+2).
   It provides partial protection from all sources of acid and corrosion.
 B - an amulet of faith (around neck)
 C - a +4 ring of protection (left hand)
Wands
 y - a wand of paralysis (9)
 A - a wand of acid (8)
 Q - a wand of polymorph (4)
 T - a wand of disintegration (8)
Scrolls
 e - 9 scrolls of remove curse
 h - 11 scrolls of teleportation
 i - 5 scrolls of amnesia
 q - 2 scrolls of magic mapping
 r - 5 scrolls of identify
 E - 3 scrolls of immolation
 L - a scroll of enchant weapon
 P - a scroll of brand weapon
 S - a scroll of fog
Potions
 f - 8 potions of curing
 g - 7 potions of lignification
 j - 2 potions of stabbing
 p - 3 potions of haste
 z - 5 potions of flight
 D - a potion of mutation
 G - a potion of invisibility
 H - a potion of resistance
 I - 4 potions of brilliance
 K - 2 potions of ambrosia
 N - 2 potions of magic
 O - 6 potions of might
 W - a potion of heal wounds
Books
 x - a manual of Invocations


   Skills:
 - Level 8.4 Fighting
 - Level 6.7 Short Blades
 - Level 4.8 Crossbows
 + Level 10.6 Dodging
 + Level 12.2 Stealth
 * Level 5.3 Shields
 + Level 10.7 Invocations


You had 10 spell levels left.
You didn't know any spells.
Your spell library contained the following spells:

 Spells                   Type           Power        Failure   Level
 Corona                   Hex            #......      52%         1
 Freeze                   Ice            #...         52%         1
 Ensorcelled Hibernation  Hex/Ice        #.....       65%         2
 Confusing Touch          Hex            #.......     87%         3
 Dazzling Flash           Conj/Hex       #.....       87%         3
 Frozen Ramparts          Ice            #.....       87%         3
 Ozocubu's Armour         Ice            #.......     87%         3
 Tukima's Dance           Hex            #.......     87%         3
 Hailstorm                Conj/Ice       #.......     99%         4
 Summon Ice Beast         Ice/Summ       #.......     99%         4


Dungeon Overview and Level Annotations

Branches:
Dungeon (10/15)            Temple (1/1) D:5            Lair (1/6) D:9
    Orc (0/2) D:10        Ossuary (visited)

Altars:
Ashenzari
Cheibriados
Dithmenos
Elyvilon
Fedhas
Gozag
Hepliaklqana
Kikubaaqudgha
Makhleb
Nemelex Xobeh
Qazlal
Ru
Trog
Uskayaw
Vehumet
Xom
Yredelemnul
Zin
The Shining One


Innate Abilities, Weirdness & Mutations

You are small and have problems with some larger weapons.
You are completely attuned to the shadows.


Message History

The wolf is heavily wounded.
The wolf misses you.
You riposte.
You slash the wolf!
You kill the wolf!
The spriggan rider hits you from afar with a +0 spear!
The spriggan rider completely misses you.
You miss the spriggan rider.
The spriggan rider hits you with a +0 spear!!
You miss the spriggan rider.
The spriggan rider hits you with a +0 spear.
The spriggan rider hits you with a +0 spear!
* * * LOW HITPOINT WARNING * * *
Aiming: Paralyse
Press: ? - help, Shift-Dir - straight line, f - spriggan rider
Aim: a spriggan rider, wielding a +0 spear (chance to defeat MR: 1%)
Okay, then.
Unknown command.
You fail to use your ability.
You block the spriggan rider's attack.
You blink.
The spriggan rider hits you from afar with a +0 spear!
You die...

#......## ........#
.......## ......#
#......## ###
#..>....###P#########
#....................
...........".........
#...@÷...............
#....................
....i................
#....§...............
##....##############.
###### ##


You could see a spriggan rider.

Vanquished Creatures
  The ghost of yleetSyT the Severer, a novice HOFi (D:8)
  A two-headed ogre (D:9)
  Pikel (D:4)
  Joseph (D:7)
  A hornet (D:9)
  5 blink frogs (Lair:1)
  11 yaks (Lair:1)
  Grum (D:8)
  A basilisk (Lair:1)
  A water moccasin (Lair:1)
  Duvessa (D:6)
  3 sky beasts
  3 orc warriors
  A black bear (D:7)
  A hornet zombie (D:5)
  3 ogres
  A necrophage (D:6)
  3 phantoms
  9 wolves
  A big kobold (D:10)
  3 gnoll sergeants (D:8)
  3 bullfrogs
  Dowan (D:6)
  A wyvern zombie (D:8)
  2 scorpions
  2 wyvern skeletons
  3 killer bees (D:8)
  11 wights
  A howler monkey (D:5)
  4 centaur zombies
  4 hounds
  A jelly (D:6)
  5 orc priests
  10 orc wizards
  2 centaur skeletons
  2 gnoll shamans
  2 bullfrog skeletons
  An iguana (D:9)
  6 worker ants
  4 hound skeletons
  3 mummies (Ossuary)
  2 worker ant zombies (D:8)
  17 gnolls
  A howler monkey skeleton (D:4)
  10 adders
  A shadow imp (D:6)
  5 white imps
  An ufetubus (D:7)
  4 adder skeletons
  2 worms
  5 leopard geckos
  41 orcs
  A ball python (D:2)
  8 bats
  6 giant cockroaches
  3 goblins (D:2)
  2 hobgoblins (D:2)
  12 jackals
  A quokka (D:9)
  5 frilled lizards
  A goblin zombie (Ossuary)
  10 kobolds
  A kobold zombie (Ossuary)
  3 leopard gecko skeletons
  5 rats
268 creatures vanquished.

Vanquished Creatures (others)
  3 fungi (Lair:1)
  8 plants
  13 toadstools (Lair:1)
24 creatures vanquished.

Grand Total: 292 creatures vanquished

Notes
Turn   | Place    | Note
-------+----------+-------------------------------------------
     0 | D:1      | ringo67 the Kobold Hunter began the quest for the Orb.
     0 | D:1      | Reached XP level 1. HP: 12/12 MP: 1/1
    69 | D:1      | Reached XP level 2. HP: 8/18 MP: 2/2
   439 | D:1      | Reached skill level 1 in Short Blades
   513 | D:1      | Reached skill level 2 in Stealth
  1386 | D:1      | Reached XP level 3. HP: 8/22 MP: 3/3
  2479 | D:2      | Found a sacrificial altar of Ru.
  2949 | D:2      | Reached XP level 4. HP: 28/28 MP: 4/4
  3041 | D:3      | Reached skill level 3 in Stealth
  3933 | D:3      | Reached XP level 5. HP: 32/32 MP: 5/5
  4590 | D:4      | Reached skill level 4 in Stealth
  4590 | D:4      | Reached XP level 6. HP: 37/37 MP: 6/6
  4815 | D:4      | Noticed Pikel
  4851 | D:4      | Killed Pikel
  4851 | D:4      | Reached skill level 5 in Dodging
  4851 | D:4      | Reached skill level 5 in Stealth
  4851 | D:4      | Reached XP level 7. HP: 9/44 MP: 7/7
  5260 | D:5      | Entered Level 5 of the Dungeon
  5287 | D:5      | Found a staircase to the Ecumenical Temple.
  5294 | D:5      | Reached skill level 5 in Short Blades
  5300 | Temple   | Entered the Ecumenical Temple
  5456 | Temple   | Became a worshipper of Uskayaw the Reveler
  5624 | D:5      | Reached * piety under Uskayaw
  5632 | D:5      | Reached ** piety under Uskayaw
  5638 | D:5      | HP: 2/44 [hornet zombie (6)]
  5641 | D:5      | Reached skill level 5 in Fighting
  5641 | D:5      | Reached skill level 6 in Stealth
  5641 | D:5      | Reached XP level 8. HP: 2/49 MP: 8/8
  5641 | D:5      | Reached *** piety under Uskayaw
  6918 | D:6      | Noticed Duvessa
  6930 | D:6      | Noticed Dowan
  6947 | D:6      | Killed Duvessa
  6947 | D:6      | Reached skill level 7 in Stealth
  6948 | D:6      | Killed Dowan
  7233 | D:6      | Found a sand-covered staircase.
  7238 | Ossuary  | Entered an ossuary
  7538 | Ossuary  | Reached XP level 9. HP: 33/55 MP: 9/9
  7715 | Ossuary  | Identified a scroll of acquirement
  7715 | Ossuary  | Acquired a manual of Invocations
  8097 | D:6      | Reached skill level 1 in Invocations
  8701 | D:6      | Reached skill level 8 in Stealth
  9215 | D:6      | Got an ancient scimitar
  9216 | D:6      | Identified the +7 scimitar "Dizoesk" {vorpal, rC+ Int+3
                  | Dex+2} (You found it on level 6 of the Dungeon)
  9519 | D:7      | Noticed Joseph
  9522 | D:7      | Killed Joseph
  9522 | D:7      | Reached skill level 9 in Stealth
  9522 | D:7      | Reached skill level 5 in Invocations
  9772 | D:7      | Found a snail-covered altar of Cheibriados.
  9801 | D:7      | Reached XP level 10. HP: 62/63 MP: 14/14
  9892 | D:7      | Reached **** piety under Uskayaw
 10287 | D:8      | Found a transporter.
 10294 | D:8      | Found a transporter.
 10302 | D:8      | Noticed Grum
 10306 | D:8      | Reached skill level 10 in Stealth
 10308 | D:8      | Identified the +7 trident of Bloody Death {elec, rPois MR+
                  | Stlth+}
 10308 | D:8      | Identified the +3 buckler of Qaugecif {+Blink}
 10309 | D:8      | Reached ***** piety under Uskayaw
 10311 | D:8      | Killed Grum
 10370 | D:8      | Identified the ring "Ruofipp" {rCorr Int+3 Dex+2}
 10566 | D:8      | Noticed yleetSyT's ghost (novice HOFi)
 10625 | D:8      | HP: 3/64 [yleetSyT's ghost (23)]
 10945 | D:8      | Killed yleetSyT's ghost
 11858 | D:8      | Reached skill level 1 in Shields
 11987 | D:8      | Found a sparkling altar of Nemelex Xobeh.
 12196 | D:9      | Noticed a two-headed ogre
 12199 | D:9      | Killed a two-headed ogre
 12199 | D:9      | Reached skill level 11 in Stealth
 12199 | D:9      | Reached XP level 11. HP: 69/69 MP: 17/17
 12673 | D:9      | Found a staircase to the Lair.
 13788 | D:9      | Found a radiant altar of Vehumet.
 14035 | D:10     | Entered Level 10 of the Dungeon
 14059 | D:10     | Reached skill level 10 in Dodging
 14665 | D:10     | Found a staircase to the Orcish Mines.
 14972 | Lair:1   | Entered Level 1 of the Lair of Beasts
 15019 | Lair:1   | Reached skill level 10 in Invocations
 15451 | Lair:1   | Reached skill level 12 in Stealth
 15455 | Lair:1   | Reached skill level 5 in Shields
 15630 | Lair:1   | Got a masterwork ring mail
 15631 | Lair:1   | Identified the +2 ring mail of Sloth {rF- Dex+6} (You found
                  | it on level 1 of the Lair of Beasts)
 15757 | Lair:1   | Noticed a spriggan rider
 15948 | Lair:1   | Slain by a spriggan rider

Illustrated notes

Levels and vault maps discovered:
D:1:      zelgadis_glass_arrival_small, layout_basic
D:2:      layout_rooms, nicolae_ru_awakened_eye
D:3:      layout_basic
D:4:      layout_loops_ring, uniq_pikel
D:5:      layout_loops_ring, minmay_temple_entry_statues_pillars
D:6:      layout_rooms, enter_ossuary_5, mrwooster_statue_mirror,
          minmay_statues_item, minmay_misc_feat_roman, uniq_duvessa
D:7:      layout_basic, basic_altar, hangedman_abyss_or_decor_passed,
          uniq_joseph
D:8:      layout_rooms, basic_altar, gammafunk_ghost_gnarly_gnolls
D:9:      layout_big_octagon, nicolae_overflow_hidden_temple, lair_entry_dummy,
          minivault_22, lemuel_statue_altar
D:10:     layout_long_grid, orc_0_dummy
Temple:   regret_index_temple_sigil_plot
Lair:1:   gammafunk_lair_enchanted_lake, layout_big_grid,
          grunt_forest_large_clearings

Skill      XL: |  1  2  3  4  5  6  7  8  9 10 11 |
---------------+----------------------------------+-----
Short Blades   | 1 2 3 4 5 6 |  6.7
Stealth        | 2 3 4 5 6 7 9 11 12 | 12.2
Dodging        | 3 4 5 6 8 9 10 | 10.6
Fighting       | 3 4 5 6 7 8 |  8.4
Invocations    | 5 8 10 | 10.7
Shields        | 2 5 |  5.3
Crossbows      | |  4.8

Action                   |  1- 3 |  4- 6 |  7- 9 | 10-12 || total
-------------------------+-------+-------+-------+-------++-------
Melee: Short sword       |    68 |       |       |       ||    68
       Dagger            |    27 |       |   123 |   100 ||   250
       War axe           |     5 |    81 |    99 |       ||   185
       Falchion          |       |       |    36 |       ||    36
       Scimitar          |       |       |    20 |   177 ||   197
       Trident           |       |       |       |    68 ||    68
 Fire: Hand crossbow     |    16 |       |       |       ||    16
Throw: Dart              |       |     1 |       |     1 ||     2
Invok: Stomp             |       |       |     2 |     1 ||     3
 Abil: Evoke Blink       |       |       |       |     1 ||     1
Evoke: Wand              |       |       |     2 |     1 ||     3
  Use: Scroll            |       |       |    27 |     9 ||    36
       Potion            |       |       |       |     1 ||     1
 Stab: Sleeping          |    14 |    14 |    28 |    21 ||    77
       Paralysed         |       |       |    11 |    19 ||    30
       Distracted        |       |       |       |     1 ||     1
Armor: Leather armour    |    14 |       |       |       ||    14
       Robe              |    15 |     4 |    29 |    30 ||    78
       Ring mail         |       |       |       |     1 ||     1
Dodge: Dodged            |   106 |    71 |   236 |   356 ||   769
Block: Buckler           |       |       |       |    87 ||    87
       Rpst.: Falchion   |       |       |    12 |       ||    12
       Scimitar          |       |       |     7 |    65 ||    72

Table legend: (Time is in decaauts)
 A = Elapsed time spent in this place.
 B = Non-inter-level travel time spent in this place.
 C = Inter-level travel time spent in this place.
 D = Time resting spent in this place.
 E = Time spent auto-exploring this place.
 F = Levels seen in this place.
 G = Mean time per level.
                   A        B        C        D        E       F      G
               +--------+--------+--------+--------+--------+-----+--------+
         Total |  16006 |  15718 |    288 |   5673 |   7057 |  13 | 1231.2 |
       Dungeon |  14372 |  14099 |    273 |   5051 |   6604 |  10 | 1437.2 |
        Temple |    171 |    157 |     14 |      0 |    150 |   1 |  171.0 |
          Lair |    984 |    984 |      0 |    533 |    176 |   1 |  984.0 |
       Ossuary |    478 |    478 |      0 |     89 |    127 |   1 |  478.0 |
               +--------+--------+--------+--------+--------+-----+--------+

Top non-repeatable levels by time:
     D:1: 2252 daAuts
     D:8: 2194 daAuts
     D:6: 2007 daAuts
     D:9: 1564 daAuts
     D:5: 1491 daAuts
     D:4: 1227 daAuts
     D:3: 1045 daAuts
  Lair:1: 984 daAuts
     D:7: 914 daAuts
    D:10: 896 daAuts
     D:2: 777 daAuts
 Ossuary: 478 daAuts
  Temple: 171 daAuts
